 Dungeon Crawl Stone Soup version 0.27.0-1-g7a089689b8 (webtiles) character file.

Game seed: 16112565817591037704

581022 sasquatch the Shatterer (level 25, -11/253 (259) HPs)
             Began as a Minotaur Berserker on Aug 1, 2021.
             Was the Champion of Trog.
             Killed by divine providence
             ... invoked by a smoke demon
              (13 damage)
             ... on level 4 of the Abyss.
             The game lasted 04:02:52 (55933 turns).

sasquatch the Shatterer (Minotaur Berserker)       Turns: 55933, Time: 04:02:53

HP:   -11/253 (259) AC: 34    Str: 29      XL:     25   Next: 93%
MP:   13/13         EV: 20    Int:  5 (7)  God:    Trog [******]
Gold: 3047          SH: 24    Dex: 18      Spells: 24/24 levels left

rFire    + + .     SeeInvis .   m - +9 eveningstar (flame)
rCold    + + .     Faith    .   Z - +0 tower shield
rNeg     . . .     Spirit   .   j - +7 chain mail of Soedwoeg {+Inv rPois MP-9 Dex+4}
rPois    +         Reflect  .   O - +1 hat {Will+}
rElec    .         Harm     .   M - +0 cloak of the Turtle {Will+ rCorr Dex+3}
rCorr    +         Rampage  .   y - +3 pair of gauntlets of War {Slay+5}
Will     +++..                  w - +1 pair of boots {Stlth+}
Stlth    ++........             i - amulet of regeneration
HPRegen  1.52/turn              d - ring of Tehipn {rPois rF+ rC+ Str-2 Int+3}
MPRegen  0.13/turn              Q - ring "Muclubu" {Fly rF+}

@: lethally poisoned (-11 -> -17), flying, hasted, wreathed by umbra, studying 2
skills, silenced, lightly drained, very quick
A: horns 2, retaliatory headbutt, clumsy 1, cold resistance 1, deterioration 1,
robust 1
}: 3/15 runes: serpentine, barnacled, silver
a: Renounce Religion, Evoke Invisibility


You were on level 4 of the Abyss.
You worshipped Trog.
Trog was exalted by your worship.
You visited 8 branches of the dungeon, and saw 44 of its levels.
You visited the Abyss 1 time.
You visited 2 bazaars.
You visited 1 ziggurat, and saw 8 of its levels.
You also visited: Bailey, Gauntlet and Ice Cave.

You collected 8546 gold pieces.
You spent 5499 gold pieces at shops.

Inventory:

Hand Weapons
 m - a +9 eveningstar of flaming (weapon)
 D - a +5 eveningstar of flaming
Missiles
 I - 55 javelins
 J - 6 throwing nets
 P - 7 boomerangs of dispersal
 S - 46 silver javelins
 W - 155 boomerangs (quivered)
Armour
 j - the +7 chain mail of Soedwoeg (worn) {+Inv rPois MP-9 Dex+4}
   (You took it off a minotaur in a Gauntlet)

   Dex:       It affects your dexterity (+4).
   rPois:     It protects you from poison.
   MP:        It affects your magic capacity (-9).
   +Inv:      It lets you turn invisible.
 w - a +1 pair of boots of stealth (worn)
 y - the +3 pair of gauntlets of War (worn) {Slay+5}
   (You found it in a Gauntlet)

   Slay:      It affects your accuracy & damage with ranged weapons and melee
   (+5).
 M - the +0 cloak of the Turtle (worn) {Will+ rCorr Dex+3}
   (You acquired it on level 2 of the Orcish Mines)

   Dex:       It affects your dexterity (+3).
   rCorr:     It protects you from acid and corrosion.
   Will:      It increases your willpower.
 O - a +1 hat of willpower (worn)
 R - the +0 pair of gloves of Sinus {rElec rPois Str-3 Stlth+}
   (You found it in a Gauntlet)

   Str:       It affects your strength (-3).
   rElec:     It insulates you from electricity.
   rPois:     It protects you from poison.
   Stlth:     It makes you more stealthy.
 Z - a +0 tower shield (worn)
Jewellery
 d - the ring of Tehipn (left hand) {rPois rF+ rC+ Str-2 Int+3}
   (You found it on level 5 of the Lair of Beasts)

   [ring of protection from cold]

   Str:       It affects your strength (-2).
   Int:       It affects your intelligence (+3).
   rF:        It protects you from fire.
   rC:        It protects you from cold.
   rPois:     It protects you from poison.
 g - a ring of positive energy
 i - an amulet of regeneration (around neck)
 u - the amulet of Light {Reflect rF+ rCorr Str-3 Dex+2 SH+5}
   (You found it on level 3 of the Elven Halls)

   [amulet of reflection]

   It reflects blocked missile attacks.
   Str:       It affects your strength (-3).
   Dex:       It affects your dexterity (+2).
   rF:        It protects you from fire.
   rCorr:     It protects you from acid and corrosion.
   SH:        It affects your SH (+5).
 A - the ring "Isulau" {Fly rPois rN+ rCorr Int-3}
   (You took it off an ironbound preserver on level 5 of the Vaults)

   [ring of poison resistance]

   Int:       It affects your intelligence (-3).
   rPois:     It protects you from poison.
   rN:        It protects you from negative energy.
   Fly:       It grants you flight.
   rCorr:     It protects you from acid and corrosion.
 H - the amulet of Noast {Acrobat rF+ rCorr Dex+8}
   (You took it off a vault warden on level 5 of the Vaults)

   [amulet of the acrobat]

   It increases your evasion while moving and waiting.
   Dex:       It affects your dexterity (+8).
   rF:        It protects you from fire.
   rCorr:     It protects you from acid and corrosion.
 Q - the ring "Muclubu" (right hand) {Fly rF+}
   (You bought it in a shop on level 1 of the Snake Pit)

   [ring of flight]

   rF:        It protects you from fire.
   Fly:       It grants you flight.
 U - a ring of see invisible
Wands
 h - a wand of digging (21)
Scrolls
 a - 4 scrolls of enchant armour
 b - 26 scrolls of identify
 c - 5 scrolls of summoning
 e - 14 scrolls of teleportation
 f - 8 scrolls of blinking
 l - 10 scrolls of magic mapping
 r - 3 scrolls of holy word
 s - 6 scrolls of fear
 x - 6 scrolls of fog
 C - a scroll of enchant weapon
 V - 2 scrolls of silence
Potions
 k - 30 potions of curing
 n - 3 potions of cancellation
 o - 5 potions of ambrosia
 p - 7 potions of flight
 q - 4 potions of invisibility
 t - a potion of resistance
 v - 6 potions of mutation
 z - 3 potions of attraction
 B - 9 potions of might
 E - 7 potions of haste
 L - 10 potions of heal wounds
 X - a potion of berserk rage
Miscellaneous
 F - a box of beasts
 K - a phial of floods
 N - a phantom mirror
 T - a lightning rod (4/4)
 Y - a condenser vane


   Skills:
 + Level 21.6 Fighting
 - Level 2.4(17.4) Axes
 - Level 25.0 Maces & Flails
 - Level 15.0 Throwing
 + Level 22.2 Armour
 - Level 20.0 Dodging
 - Level 8.9 Stealth
 - Level 20.0 Shields
 - Level 15.0 Evocations


You had 24 spell levels left.
You didn't know any spells.
Your spell library was empty.

Dungeon Overview and Level Annotations

Branches:
Dungeon (15/15)            Temple (0/1) D:7            Lair (6/6) D:8
 Shoals (4/4) Lair:4        Snake (4/4) Lair:3        Slime (0/5) Lair:5
    Orc (2/2) D:11            Elf (3/3) Orc:2        Vaults (5/5) D:13
  Crypt (0/3) Vaults:3     Depths (5/5) D:15            Zot (0/5) Depths:5
 Bailey (visited)           IceCv (visited)         Gauntlet (visited)

Altars:
Dithmenos
Elyvilon
Gozag
Hepliaklqana
Kikubaaqudgha
Nemelex Xobeh
Okawaru
Qazlal
Sif Muna
Trog
Vehumet
Wu Jian
Xom
Yredelemnul
Zin
Beogh

Shops:
D:1 (   D:5 =?   D:6 :   D:15 *   Orc:1 =*   Orc:2 [[?[   Elf:1 !!?![
Shoals:3 *   Snake:1 :=:[   Snake:3 ??(*[?(   Vaults:1 (   Vaults:2 !*=
Vaults:3 *   Vaults:4 [   Vaults:5 *   Depths:4 *:[(

Portals:
Hell: Depths:1 Depths:2 Depths:3 Depths:4 Depths:5
Abyss: Depths:2 Depths:4 Depths:5
Pandemonium: Depths:1 Depths:3

Annotations:
Lair:2 Sonja
Lair:3 2 transporters, Yjeari's ghost, journeyman GrMo


Innate Abilities, Weirdness & Mutations

You have a pair of horns on your head.
You reflexively headbutt those who attack you in melee.
You are clumsy. (Dex -2)
Your flesh is cold resistant. (rC+)
Your body sometimes deteriorates upon taking damage.
You are robust. (+10% HP)


Message History

Trog accepts your kill.
You feel very sick.
You block the thrashing horror's attack. x2
The starcursed mass touches you but does no damage.
A starcursed mass splits.
The thrashing horror tramples you.
You hold your ground!
You block the thrashing horror's attack.
You impale the large abomination!! You burn the large abomination!
You headbutt the large abomination, but do no damage.
The large abomination is severely damaged.
You feel very sick.
The profane servitor hits you with a +1 demon whip of venom!
The profane servitor draws strength from your injuries!
The profane servitor hits you but does no damage.
A ynoxinul comes into view.
A starcursed mass splits.
You impale the large abomination!! You burn the large abomination.
You destroy the large abomination!
Trog accepts your kill.
You feel very sick.
You block the thrashing horror's attack. x2
The profane servitor hits you with a +1 demon whip of venom.
The profane servitor draws strength from your injuries!
You block the profane servitor's attack.
You block the starcursed mass's attack.
The ettin hits you with a +0 giant spiked club of distortion!!
* * * LOW HITPOINT WARNING * * *
Space bends around you.
* * * LOW HITPOINT WARNING * * *
The ettin misses you.
The ettin hits you with a +0 giant spiked club of distortion!!
* * * LOW HITPOINT WARNING * * *
Space warps horribly around you!
* * * LOW HITPOINT WARNING * * *
The ettin hits you with a +0 giant club of chaos!!
* * * LOW HITPOINT WARNING * * *
You resist with almost no effort. The smoke demon gestures at you.
Something smites you!
You die...

..# ... .. .. .
##. #.## #. #.#
.○###...###..
.#..#§○#X....#..
...§○RXvX......
##XXAXX..#
##@XXX.#
#..#v#CCx3### #.
###. .5vXX.X# .
####ZX.vXX.3..
## ##.##........
#.# ##.#.......
#.##
#.##N..v#... # #
#≈##....###..
#.#≈ #..... ...


You could see a profane servitor, 12 starcursed masses, a naga warrior, a
spatial maelstrom, 2 ettins, 4 spatial vortices, 2 thrashing horrors, 2 large
abominations, a smoke demon, an efreet, a ynoxinul, a small abomination, an
ufetubus and an ettin skeleton.

Vanquished Creatures
  Mara (Depths:3)
  A Killer Klown (Zig:2)
  The ghost of Xihoome the Slayer, a veteran MiGl of Okawaru (Elf:2)
  Frederick (Vaults:5)
  3 caustic shrikes (Depths:5)
  Nikola (Elf:2)
  An electric golem (Zig:4)
  4 bone dragons
  3 tentacled monstrosities (Vaults:5)
  The ghost of Aral the Warrior, an adept MiBe of Trog (Shoals:1)
  3 liches
  6 titans (Vaults:5)
  A deep elf blademaster (Elf:3)
  Asterion (Elf:1)
  An Executioner (Abyss:2)
  A deep elf master archer (Elf:3)
  3 tentacled starspawn (Abyss:4)
  2 krakens
  4 sphinxes
  Polyphemus (Shoals:4)
  Gastronok (D:9)
  7 shadow dragons
  13 tengu reavers
  Kirke (Shoals:4)
  A storm dragon (Vaults:5)
  7 nagarajas (Snake:4)
  3 iron dragons (Vaults:5)
  4 fire giants
  Aizul (Elf:3)
  7 deep elf sorcerers (Elf:3)
  19 vault wardens
  9 frost giants
  Louise (Depths:4)
  A spectral juggernaut (Depths:3)
  2 orc warlords (Vaults:3)
  A draconian scorcher (Depths:5)
  2 ghost moths (Zig:7)
  3 spectral caustic shrikes (Depths:5)
  6 deep elf elementalists
  A caustic shrike zombie (Depths:3)
  The ghost of Cown the Bludgeoner, a journeyman TrHu of Yredelemnul (D:14)
  23 very ugly things
  A juggernaut zombie (Depths:3)
  A draconian annihilator (Depths:5)
  25 ironbound preservers
  A reaper (Depths:3)
  4 war gargoyles
  18 stone giants
  A purple draconian (Depths:5)
  3 vampire knights
  7 deep elf annihilators
  An entropy weaver (shapeshifter) (Vaults:5)
  5 deep elf demonologists
  5 dire elephants
  A minotaur (Gauntlet)
  2 yellow draconians (Depths:5)
  4 red draconians
  8 spark wasps
  2 blizzard demons
  3 crystal guardians
  8 merfolk javelineers
  7 deep elf death magi
  3 quicksilver dragon zombies
  7 fire dragons
  12 merfolk impalers
  Josephine (D:12)
  14 ettins
  5 deep elf high priests
  A spectral golden dragon (Depths:3)
  19 naga warriors
  12 great orbs of eyes
  20 yaktaur captains
  Harold (D:8)
  4 rakshasas
  35 vault guards
  A great orb of eyes (shapeshifter) (Vaults:5)
  2 salamander tyrants (Snake:3)
  7 ogre magi
  3 boulder beetles
  3 peacekeepers
  3 spriggan air magi
  8 ice dragons
  3 ironbound thunderhulks
  5 hydras
  A two-headed ogre (shapeshifter) (Vaults:5)
  A spectral shadow dragon (Depths:3)
  9 ironbound frosthearts
  5 death knights
  3 catoblepae
  12 death yaks
  Erica (Lair:2)
  5 merfolk avatars
  29 two-headed ogres
  15 centaur warriors
  7 anacondas
  The ghost of dtburroughs the Basher, a journeyman GrBe of Trog (D:11)
  6 vampire magi
  A spectral fire giant (Depths:3)
  A death scarab (Gauntlet)
  6 deep troll shamans
  26 dancing weapons
  12 tengu warriors
  8 ironbound beastmasters
  7 naga sharpshooters
  5 merfolk aquamancers
  2 orc high priests
  5 sun demons
  9 shock serpents
  10 thrashing horrors
  6 deep troll earth magi
  A titan zombie (Zig:6)
  9 hell knights
  A spectral spriggan (Depths:3)
  Nergalle (Lair:1)
  6 wretched stars
  6 deep elf knights
  A shadow wraith (Abyss:2)
  7 iron trolls
  A spectral spark wasp (Depths:3)
  A goliath frog (Lair:6)
  4 salamander mystics
  2 skeletal warriors
  The ghost of Gorgoleon the Carver, a novice HuMo of Okawaru (D:7)
  A deep troll (shapeshifter) (Vaults:5)
  4 flayed ghosts
  A spriggan druid (Depths:1)
  20 sea snakes
  73 deep trolls
  A death drake (shapeshifter) (Vaults:5)
  4 obsidian statues
  2 naga ritualists
  9 lindwurms
  5 glowing orange brains
  8 deep elf archers
  A kraken simulacrum (Shoals:2)
  A wolf spider zombie (D:15)
  13 orc knights
  An orange crystal statue (Zig:8)
  A golden dragon skeleton (Depths:3)
  A golden dragon zombie (Depths:3)
  21 ironbound convokers
  Pikel (D:7)
  9 wizards
  11 phantasmal warriors
  An orb spider (shapeshifter) (Elf:1)
  7 necromancers
  41 ugly things
  A wolf spider (shapeshifter) (Zig:2)
  17 deep elf pyromancers
  26 harpies
  10 cyclopes
  7 fauns
  19 salamanders
  20 manticores
  8 mana vipers
  An orb spider (Zig:7)
  19 deep elf zephyrmancers
  A manticore (shapeshifter) (Vaults:5)
  A will-o-the-wisp (Abyss:2)
  A shining eye (Gauntlet)
  3 tengu skeletons (Depths:3)
  A spectral fire dragon (D:14)
  A sphinx skeleton (Depths:3)
  A glowing shapeshifter (Vaults:5)
  5 orc sorcerers
  4 worldbinders
  A spriggan zombie (Depths:3)
  20 elephants
  An elephant (shapeshifter) (Vaults:5)
  A guardian serpent (shapeshifter) (D:13)
  A stone giant skeleton (Zig:6)
  35 black mambas
  14 merfolk sirens
  24 vault sentinels
  2 water nymphs (shapeshifter)
  9 guardian serpents
  5 ice statues
  An apocalypse crab (Abyss:2)
  2 elf zombies
  A titan simulacrum (Depths:3)
  13 naga magi
  5 water nymphs
  4 smoke demons
  A centaur skeleton (D:15)
  A gargoyle (D:13)
  3 torpor snails
  22 cane toads
  2 hellions
  2 storm dragon simulacra
  2 unseen horrors (D:11)
  8 rime drakes
  13 komodo dragons
  A kobold demonologist (Abyss:2)
  An efreet (D:15)
  A yaktaur zombie (Vaults:1)
  20 yaktaurs
  2 tormentors
  3 spectral glowing shapeshifters (Depths:3)
  4 freezing wraiths
  A spectral human (Depths:3)
  An anaconda simulacrum (Abyss:2)
  A catoblepas skeleton (Abyss:2)
  A merfolk (shapeshifter) (Gauntlet)
  7 tengu conjurers
  5 ancient zymes (Abyss:2)
  6 trolls
  2 jumping spiders (Zig:7)
  A red devil (Depths:3)
  2 hellwings
  10 polar bears
  4 tyrant leeches (Lair:6)
  31 merfolk
  3 meliai (D:14)
  5 hornets
  A hornet (shapeshifter) (Elf:2)
  5 wind drakes
  7 raiju (Abyss:2)
  24 blink frogs
  A human simulacrum (Vaults:2)
  A raiju (shapeshifter) (Elf:1)
  2 dream sheep (shapeshifter)
  12 snapping turtles
  12 dream sheep
  2 fire giant simulacra (Depths:3)
  Sigmund (D:3)
  A redback (shapeshifter) (Vaults:1)
  22 slime creatures
  A centaur simulacrum (D:15)
  2 ettin skeletons
  A redback (Zig:7)
  A spriggan (shapeshifter) (Gauntlet)
  A spriggan (D:10)
  9 large abominations
  2 air elementals
  2 shadows (D:11)
  2 tarantellas (Zig:7)
  4 wraiths (D:12)
  4 ynoxinuls (Abyss:2)
  2 wyverns
  A golden eye (Gauntlet)
  A spectral komodo dragon (Gauntlet)
  39 yaks
  4 fire elementals
  4 basilisks
  6 hogs (Shoals:4)
  A neqoxec (Abyss:2)
  21 water elementals
  Grum (D:8)
  2 chaos spawn
  2 sea snake simulacra (Shoals:2)
  2 alligator snapping turtle simulacra (Shoals:2)
  12 vampire mosquitoes
  4 death yak simulacra (Shoals:2)
  12 small abominations
  3 wargs
  3 harpy simulacra (Shoals:2)
  39 nagas
  Duvessa (D:7)
  16 water moccasins
  A floating eye (Gauntlet)
  33 orc warriors
  An elf simulacrum (Depths:3)
  2 sky beasts
  6 ice beasts
  A black bear (D:6)
  A fire dragon simulacrum (D:14)
  4 satyr simulacra (Shoals:2)
  A spriggan simulacrum (Depths:3)
  7 boggarts
  8 centaurs
  33 wolves
  30 ogres
  A manticore skeleton (Abyss:2)
  2 kobold brigands
  18 bullfrogs
  2 human zombies
  A gnoll sergeant (D:7)
  3 scorpions
  Dowan (D:7)
  An earth elemental (Elf:2)
  2 merfolk simulacra (Shoals:2)
  A faun simulacrum (Shoals:2)
  3 water moccasin skeletons
  3 snapping turtle simulacra (Shoals:2)
  A wight (Zig:6)
  4 howler monkeys
  4 centaur zombies
  4 electric eels
  40 starcursed masses
  20 orc priests
  3 hounds
  2 iron imps
  A jelly (D:6)
  Crazy Yiuf (D:7)
  2 cyclops simulacra (Shoals:2)
  2 iguanas (D:6)
  16 orc wizards
  A mummy (Zig:6)
  3 howler monkey zombies
  17 gnolls
  5 adders
  21 white imps
  3 ufetubi
  2 worms (D:4)
  2 dart slugs
  100 orcs
  7 ball pythons
  6 endoplasms (D:1)
  3 giant cockroaches
  12 goblins
  10 hobgoblins
  6 jackals
  A quokka (D:2)
  3 bats
  28 kobolds
  6 rats
  A plant (Shoals:3)
  A starspawn tentacle (Abyss:4)
  4 tentacles
2156 creatures vanquished.

Vanquished Creatures (collateral kills)
  A tentacled monstrosity (Vaults:5)
  A deep elf blademaster (Elf:3)
  A storm dragon (Vaults:5)
  A fire giant (Vaults:5)
  3 deep elf sorcerers (Elf:3)
  A frost giant (Vaults:5)
  An ironbound preserver (Vaults:5)
  A stone giant (Vaults:5)
  An ettin (Vaults:5)
  A deep elf death mage (Elf:3)
  A yaktaur captain (Vaults:5)
  A deep elf high priest (Elf:3)
  A vault guard (Vaults:5)
  A two-headed ogre (Orc:2)
  A tengu warrior (Depths:4)
  A deep elf pyromancer (Zig:5)
  A vault sentinel (Vaults:5)
  A tengu conjurer (Depths:4)
20 creatures vanquished.

Vanquished Creatures (others)
  A lich (Vaults:5)
  A fire giant (Vaults:5)
  A ghost moth (Zig:7)
  A vampire knight (Depths:1)
  3 deep elf knights
  2 deep elf pyromancers (Elf:2)
  A wraith (Zig:6)
  A warg (Vaults:5)
  A centaur (Zig:8)
  2 demonic plants (Gauntlet)
  4 foxfires (Abyss:2)
  24 fungi
  A lurking horror (Abyss:2)
  138 plants
  5 starspawn tentacles (Abyss:4)
  12 tentacles
198 creatures vanquished.

Grand Total: 2374 creatures vanquished

Notes
Turn   | Place    | Note
-------+----------+-------------------------------------------
     0 | D:1      | sasquatch the Minotaur Berserker began the quest for the
                  | Orb.
     0 | D:1      | Reached XP level 1. HP: 19/19 MP: 0/0
     2 | D:1      | Found Touc's Weapon Boutique.
    56 | D:1      | Reached skill level 4 in Maces & Flails
   226 | D:1      | Reached XP level 2. HP: 22/26 MP: 1/1
   416 | D:1      | Reached skill level 5 in Maces & Flails
   647 | D:1      | Reached XP level 3. HP: 23/31 MP: 2/2
   724 | D:1      | Found a faded altar of an unknown god.
  1376 | D:2      | Reached ** piety under Trog
  2053 | D:3      | Noticed Sigmund
  2059 | D:3      | Killed Sigmund
  2060 | D:3      | Reached skill level 7 in Maces & Flails
  2060 | D:3      | Reached XP level 4. HP: 39/39 MP: 3/3
  2060 | D:3      | Reached XP level 5. HP: 45/45 MP: 4/4
  2746 | D:4      | Noticed an ogre
  2875 | D:4      | Reached skill level 8 in Maces & Flails
  2875 | D:4      | Reached XP level 6. HP: 45/51 MP: 5/5
  2977 | D:4      | Reached skill level 1 in Stealth
  3049 | D:4      | Reached skill level 9 in Maces & Flails
  3316 | D:5      | Entered Level 5 of the Dungeon
  3456 | D:5      | Reached XP level 7. HP: 57/57 MP: 6/6
  3517 | D:5      | Found Sydouwet's Magic Scroll Shoppe.
  3526 | D:5      | Bought a scroll of teleportation for 42 gold pieces
  3526 | D:5      | Bought a scroll of magic mapping for 49 gold pieces
  3526 | D:5      | Bought a scroll of identify for 28 gold pieces
  3677 | D:5      | Found Wemm's Jewellery Shop.
  3715 | D:5      | Found an opulent altar of Gozag.
  3840 | D:6      | Reached *** piety under Trog
  3841 | D:6      | Reached skill level 10 in Maces & Flails
  4102 | D:6      | Reached skill level 11 in Maces & Flails
  4102 | D:6      | Reached XP level 8. HP: 53/64 MP: 7/7
  4178 | D:6      | Found Suiwar's Book Shop.
  4417 | D:6      | Found an ornate altar of the Wu Jian Council.
  4538 | D:6      | Reached skill level 12 in Maces & Flails
  4746 | D:7      | Noticed Pikel
  4757 | D:7      | Killed Pikel
  4758 | D:7      | Reached skill level 13 in Maces & Flails
  4765 | D:7      | Reached XP level 9. HP: 70/70 MP: 8/8
  4768 | D:7      | Noticed Gorgoleon's ghost (novice HuMo)
  4874 | D:7      | Found a runed translucent gate.
  4875 | D:7      | Found a runed translucent gate.
  4877 | D:7      | Found a runed translucent gate.
  4963 | D:7      | Found a runed translucent door.
  4963 | D:7      | Noticed Crazy Yiuf
  5039 | D:7      | Found an iron altar of Okawaru.
  5040 | D:7      | Found a shimmering blue altar of Sif Muna.
  5040 | D:7      | Found a radiant altar of Vehumet.
  5041 | D:7      | Found a white marble altar of Elyvilon.
  5166 | D:7      | Identified the ring "Kurutyqila" {Drain rCorr Str+3 Int+6}
  5178 | D:7      | Found a staircase to the Ecumenical Temple.
  5184 | D:7      | Reached skill level 1 in Throwing
  5286 | D:7      | Noticed Dowan
  5287 | D:7      | Noticed Duvessa
  5291 | D:7      | Found a shimmering altar of Xom.
  5324 | D:7      | Killed Duvessa
  5338 | D:7      | Killed Dowan
  5338 | D:7      | Reached **** piety under Trog
  5485 | D:7      | Reached skill level 14 in Maces & Flails
  5616 | D:7      | Killed Gorgoleon's ghost
  5623 | D:7      | Reached skill level 15 in Maces & Flails
  5780 | D:7      | Killed Crazy Yiuf
  5826 | D:8      | Noticed Harold
  5844 | D:8      | Killed Harold
  5845 | D:8      | Reached XP level 10. HP: 77/77 MP: 9/9
  5928 | D:8      | Reached skill level 16 in Maces & Flails
  5939 | D:8      | Noticed Grum
  5947 | D:8      | Killed Grum
  6066 | D:8      | Found a staircase to the Lair.
  6221 | D:8      | Found a bloodstained altar of Trog.
  6243 | D:8      | Found a shadowy altar of Dithmenos.
  6243 | D:8      | Found a hazy altar of Hepliaklqana.
  6564 | D:8      | You fall into a shaft and drop 2 floors!
  6564 | D:10     | Entered Level 10 of the Dungeon
  6644 | D:9      | Reached skill level 5 in Stealth
  7207 | D:9      | Noticed a two-headed ogre
  7209 | D:9      | Noticed Gastronok
  7220 | D:9      | Killed a two-headed ogre
  7512 | D:9      | Killed Gastronok
  7513 | D:9      | Reached skill level 5 in Throwing
  7513 | D:9      | Reached XP level 11. HP: 75/82 MP: 10/10
  7721 | D:9      | Paralysed by a hornet for 1 turns
  7808 | D:9      | Found a glowing silver altar of Zin.
  8128 | D:10     | Reached ***** piety under Trog
  8343 | D:10     | Noticed a wizard
  8359 | D:10     | Killed a wizard
  8493 | D:10     | Noticed a two-headed ogre
  8493 | D:10     | Noticed a two-headed ogre
  8522 | D:10     | Killed a two-headed ogre
  8527 | D:10     | Killed a two-headed ogre
  8599 | D:10     | Found the +7 pair of quick blades "Gyre" and "Gimble"
                  | {protect}
  8858 | D:10     | Noticed a two-headed ogre
  8865 | D:10     | Killed a two-headed ogre
  9036 | Lair:1   | Entered Level 1 of the Lair of Beasts
  9114 | Lair:1   | Reached skill level 5 in Armour
  9172 | Lair:1   | Reached skill level 5 in Fighting
  9200 | Lair:1   | Noticed Nergalle
  9221 | Lair:1   | Killed Nergalle
  9265 | Lair:1   | Found a gate leading to a gauntlet.
  9273 | Gauntlet | Entered a Gauntlet
  9273 | Gauntlet | Found a transporter.
  9273 | Gauntlet | Found a transporter.
  9273 | Gauntlet | Found a transporter.
  9275 | Gauntlet | Found a transporter.
  9281 | Gauntlet | Found a large runed translucent door.
  9282 | Gauntlet | Found a large runed translucent door.
  9283 | Gauntlet | Found a large runed translucent door.
  9283 | Gauntlet | Found a large runed translucent door.
  9283 | Gauntlet | Found a runed translucent door.
  9284 | Gauntlet | Found a large runed translucent door.
  9288 | Gauntlet | Found a large runed translucent door.
  9288 | Gauntlet | Found a large runed translucent door.
  9288 | Gauntlet | Found a large runed translucent door.
  9289 | Gauntlet | Found a runed translucent gate.
  9291 | Gauntlet | Noticed a fire crab
  9293 | Gauntlet | Found a transporter.
  9297 | Gauntlet | Noticed a wretched star
  9304 | Gauntlet | Found a transporter.
  9310 | Gauntlet | a fire crab changed into a manticore
  9312 | Gauntlet | Found a transporter.
  9314 | Gauntlet | Found the +3 pair of gauntlets of War {Slay+5}
  9314 | Gauntlet | Noticed a shining eye
  9330 | Gauntlet | Found a transporter.
  9334 | Gauntlet | Noticed a death scarab
  9338 | Gauntlet | Found a transporter.
  9356 | Gauntlet | Found a transporter.
  9391 | Gauntlet | Found a transporter.
  9392 | Gauntlet | Found a runed translucent door.
  9394 | Gauntlet | Found a large runed translucent door.
  9394 | Gauntlet | Found a large runed translucent door.
  9394 | Gauntlet | Found a large runed translucent door.
  9395 | Gauntlet | Found a large runed translucent door.
  9398 | Gauntlet | Found a runed translucent gate.
  9398 | Gauntlet | Found a runed translucent gate.
  9400 | Gauntlet | Found a transporter.
  9411 | Gauntlet | Found a large runed translucent door.
  9412 | Gauntlet | Found a large runed translucent door.
  9423 | Gauntlet | Found a large runed translucent door.
  9423 | Gauntlet | Found a large runed translucent door.
  9499 | Gauntlet | Noticed an orb spider
  9499 | Gauntlet | a human changed into an orb spider
  9503 | Gauntlet | an orb spider changed into a guardian serpent
  9532 | Gauntlet | Noticed a harpy
  9532 | Gauntlet | a human changed into a harpy
  9819 | Gauntlet | Noticed an orb spider
  9826 | Gauntlet | Noticed an orb spider
  9858 | Gauntlet | Noticed a death drake
  9859 | Gauntlet | Noticed a lindwurm
  9859 | Gauntlet | a death drake changed into a lindwurm
  9892 | Gauntlet | Killed a death scarab
  9893 | Gauntlet | Reached XP level 12. HP: 40/96 MP: 11/11
  9970 | Gauntlet | Gained mutation: Armour fits poorly on your strangely
                  | shaped body. [a shining eye]
  9975 | Gauntlet | Gained mutation: You are weak. (Str -2) [a shining eye]
 10065 | Gauntlet | Identified the +0 pair of gloves of Sinus {rElec rPois
                  | Str-3 Stlth+}
 10122 | Gauntlet | Identified the +7 chain mail of Soedwoeg {+Inv rPois MP-9
                  | Dex+4}
 10122 | Gauntlet | Noticed a minotaur
 10130 | Gauntlet | Killed a minotaur
 10315 | Lair:1   | Noticed a six-headed hydra
 10326 | Lair:1   | Killed a six-headed hydra
 10327 | Lair:1   | Reached skill level 10 in Armour
 10422 | Lair:1   | Received a gift from Trog
 10988 | Lair:2   | Noticed Erica
 11016 | Lair:2   | Killed Erica
 11204 | Lair:2   | Noticed Sonja
 11450 | Lair:2   | Reached XP level 13. HP: 111/111 MP: 3/12
 11930 | Lair:3   | Found a staircase to the Snake Pit.
 11934 | Lair:3   | Received a gift from Trog
 12149 | Lair:3   | Noticed Yjeari's ghost (journeyman GrMo)
 12156 | Lair:3   | Found a transporter.
 12166 | Lair:3   | Found a transporter.
 12922 | Lair:4   | Reached skill level 10 in Fighting
 13523 | Lair:4   | Found a staircase to the Shoals.
 13744 | Lair:4   | Identified a scroll of acquirement
 13744 | Lair:4   | Acquired a manual of Fighting
 13846 | Lair:5   | Reached skill level 15 in Armour
 13879 | Lair:5   | Reached skill level 1 in Axes
 14048 | Lair:5   | Identified the ring of Tehipn {rPois rF+ rC+ Str-2 Int+3}
 14062 | Lair:5   | Identified the +1 mace of Uskayaw's Favour {drain, rC+
                  | Stlth+}
 14063 | Lair:5   | Identified the +9 great mace "Sigeup" {protect, Dex+6}
 14365 | Lair:5   | Found a staircase to the Slime Pits.
 15008 | Lair:6   | Entered Level 6 of the Lair of Beasts
 15063 | Lair:6   | Reached XP level 14. HP: 82/129 MP: 4/13
 15427 | Lair:6   | Reached skill level 17 in Maces & Flails
 15771 | Lair:6   | Received a gift from Trog
 15863 | Lair:6   | Identified the +0 helmet of the Heavens {Harm rN+ Will+
                  | Dex-4}
 15868 | Lair:6   | Lost mutation: You are weak. (Str -2) [potion of mutation]
 15868 | Lair:6   | Lost mutation: Armour fits poorly on your strangely shaped
                  | body. [potion of mutation]
 15868 | Lair:6   | Gained mutation: Your flesh is cold resistant. (rC+)
                  | [potion of mutation]
 15868 | Lair:6   | Gained mutation: You are robust. (+10% HP) [potion of
                  | mutation]
 15868 | Lair:6   | Gained mutation: Your body sometimes deteriorates upon
                  | taking damage. [potion of mutation]
 15879 | Lair:6   | Identified the +7 hunting sling "Grim Tooth" {speed, Will+
                  | Str+4}
 16341 | D:11     | Reached skill level 18 in Maces & Flails
 16518 | D:11     | Found a runed translucent door.
 16954 | D:11     | Found a staircase to the Orcish Mines.
 17328 | D:11     | Noticed dtburroughs's ghost (journeyman GrBe)
 17335 | D:11     | Killed dtburroughs's ghost
 17458 | Orc:1    | Entered Level 1 of the Orcish Mines
 17458 | Orc:1    | Found Soim's Assorted Antiques.
 17490 | Orc:1    | Found Ikloosch's Jewellery Shoppe.
 17606 | Orc:2    | Entered Level 2 of the Orcish Mines
 17711 | Orc:2    | Found a staircase to the Elven Halls.
 17752 | Orc:2    | Reached ****** piety under Trog
 17762 | Orc:2    | Identified the +6 dire flail "Kuvoveq" {flame, +Blink
                  | Dex+3} (Trog gifted it to you on level 2 of the Orcish
                  | Mines)
 17762 | Orc:2    | Received a gift from Trog
 17934 | Orc:2    | Reached skill level 15 in Fighting
 17954 | Orc:2    | Reached skill level 19 in Maces & Flails
 17965 | Orc:2    | Paralysed by an ogre mage for 6 turns
 18016 | Orc:2    | Reached XP level 15. HP: 97/155 MP: 5/14
 18065 | Orc:2    | Found Suzo's Armour Shoppe.
 18065 | Orc:2    | Found Xuobb's Armour Boutique.
 18065 | Orc:2    | Found Tiorodecu's Armour Shop.
 18065 | Orc:2    | Found Limenk's Magic Scroll Shoppe.
 18245 | Orc:2    | Found an iron altar of Okawaru.
 18515 | Orc:2    | Bought 2 scrolls of acquirement for 1352 gold pieces
 18517 | Orc:2    | Acquired 716 gold pieces
 18521 | Orc:2    | Acquired the +0 cloak of the Turtle {Will+ rCorr Dex+3}
 18830 | Snake:1  | Entered Level 1 of the Snake Pit
 18934 | Snake:1  | Found Ehil's Antique Armour Shop.
 19827 | Snake:1  | Found Lowuegge's Book Shop.
 19827 | Snake:1  | Found Vostempy's Jewellery Emporium.
 19829 | Snake:1  | Found Jogaxatt's Book Shop.
 20046 | Snake:1  | Received a gift from Trog
 20102 | Snake:1  | Reached skill level 1 in Shields
 20216 | Snake:2  | Reached skill level 5 in Shields
 21083 | Snake:2  | Received a gift from Trog
 21317 | Snake:2  | Reached skill level 10 in Shields
 21465 | Snake:2  | Reached XP level 16. HP: 166/166 MP: 6/15
 21882 | Snake:3  | Found Donwiusch's Magic Scroll Boutique.
 21893 | Snake:3  | Found Tetohemokk's Magic Scroll Boutique.
 22013 | Snake:3  | Found Ulasmaow's Antique Armour Shoppe.
 22039 | Snake:3  | Found Byoduur's General Store.
 22041 | Snake:3  | Found Toaliar's Magic Scroll Emporium.
 22044 | Snake:3  | Found Qadoc's Antique Weapon Shoppe.
 22105 | Snake:3  | Acquired a manual of Throwing
 22298 | Snake:3  | Found Yllieq's Weapon Shop.
 22457 | Snake:4  | Entered Level 4 of the Snake Pit
 23072 | Snake:4  | Received a gift from Trog
 23352 | Snake:4  | Reached skill level 10 in Throwing
 23561 | Snake:4  | Reached XP level 17. HP: 100/179 MP: 7/16
 23733 | Snake:4  | Got a serpentine rune of Zot
 24233 | Snake:1  | Bought the ring "Muclubu" {Fly rF+} for 630 gold pieces
 24308 | Shoals:1 | Entered Level 1 of the Shoals
 24497 | Shoals:1 | Received a gift from Trog
 24515 | Shoals:1 | Found a runed translucent door.
 24546 | Shoals:1 | Noticed a kraken
 24557 | Shoals:1 | Killed a kraken
 24681 | Shoals:1 | Found a shimmering altar of Xom.
 24681 | Shoals:1 | Noticed Aral's ghost (adept MiBe)
 24701 | Shoals:1 | Killed Aral's ghost
 24702 | Shoals:1 | Reached skill level 15 in Shields
 25392 | Shoals:2 | Identified the +0 ring mail of Happiness {*Slow rF+ Dex+4}
 25480 | Shoals:2 | Found a runed translucent gate.
 25480 | Shoals:2 | Found a runed translucent gate.
 25480 | Shoals:2 | Found a runed translucent gate.
 25840 | Shoals:2 | Reached skill level 5 in Dodging
 26274 | Shoals:2 | Received a gift from Trog
 26574 | Shoals:3 | Noticed a kraken
 26588 | Shoals:3 | Killed a kraken
 26951 | Shoals:3 | Found Ixayxeunk's Overcharged Wands.
 27274 | Shoals:4 | Entered Level 4 of the Shoals
 27365 | Shoals:4 | Received a gift from Trog
 27542 | Shoals:4 | Noticed Polyphemus
 27548 | Shoals:4 | Reached XP level 18. HP: 179/189 MP: 8/17
 27554 | Shoals:4 | Killed Polyphemus
 27727 | Shoals:4 | Identified the +1 chain mail of the Lost Knives {Rampage
                  | rElec Slay+2}
 27978 | Shoals:4 | Identified the +5 chain mail of the Harvest {rN+ Dex+4}
 28067 | Shoals:4 | Noticed Kirke
 28091 | Shoals:4 | Killed Kirke
 28278 | Shoals:4 | Received a gift from Trog
 28338 | Shoals:4 | Reached skill level 10 in Dodging
 28565 | Shoals:4 | Got a barnacled rune of Zot
 29174 | D:12     | Found a frozen archway.
 29197 | IceCv    | Entered an ice cave
 29391 | IceCv    | Received a gift from Trog
 30438 | D:12     | Noticed Josephine
 30443 | D:12     | Killed Josephine
 30999 | D:13     | Found a flagged portal.
 31020 | Bailey   | Entered a bailey
 31113 | Bailey   | Found an iron altar of Okawaru.
 31240 | D:13     | Found a gate to the Vaults.
 31596 | D:13     | Found a basalt altar of Yredelemnul.
 32292 | Vaults:1 | Entered Level 1 of the Vaults
 32544 | Vaults:1 | Reached XP level 19. HP: 174/196 MP: 9/18
 32605 | Vaults:1 | Found Unel's Weapon Shoppe.
 32650 | Vaults:1 | Identified the +10 scimitar of Responsibility {antimagic,
                  | Stlth+} (Trog gifted it to you on level 1 of the Vaults)
 32650 | Vaults:1 | Received a gift from Trog
 33343 | Vaults:1 | Received a gift from Trog
 33909 | Vaults:2 | Found a flickering gateway to a bazaar.
 33918 | Bazaar   | Entered a bazaar
 33918 | Bazaar   | Found Ironil's Magic Scroll Boutique.
 33918 | Bazaar   | Found Joebasez's Antique Weapon Boutique.
 33936 | Bazaar   | Found Hyxuylos's Antique Armour Emporium.
 33947 | Bazaar   | Found Zilakam's General Store.
 33955 | Bazaar   | Found Rupriwez's Jewellery Shop.
 33994 | Bazaar   | Bought a glimmering crystal plate armour for 1530 gold
                  | pieces
 33994 | Bazaar   | Identified the +3 crystal plate armour "Hauroarena"
                  | {Stlth+} (You bought it in a shop in a bazaar)
 34025 | Vaults:2 | Found Obieleant's Jewellery Shop.
 34627 | Vaults:2 | Found Vasae's General Store.
 34642 | Vaults:2 | Found Diehae's Distillery.
 34787 | Vaults:2 | Reached skill level 15 in Dodging
 34942 | Vaults:2 | Received a gift from Trog
 35440 | Vaults:3 | Reached XP level 20. HP: 205/205 MP: 10/19
 35944 | Vaults:3 | Noticed a bone dragon
 35946 | Vaults:3 | Found a staircase to the Crypt.
 35955 | Vaults:3 | Killed a bone dragon
 36064 | Vaults:3 | Found Harag's Assorted Antiques.
 36128 | Vaults:3 | Received a gift from Trog
 37001 | Vaults:4 | Reached skill level 1 in Evocations
 37013 | Vaults:4 | Identified the +7 quarterstaff "Beetle's Undoing" {flame,
                  | +Rage Will+ Str-2 SInv} (Trog gifted it to you on level 4
                  | of the Vaults)
 37013 | Vaults:4 | Received a gift from Trog
 37288 | Vaults:4 | Reached skill level 5 in Evocations
 37476 | Vaults:4 | Reached XP level 21. HP: 201/213 MP: 11/20
 37568 | Vaults:4 | Received a gift from Trog
 37598 | Vaults:4 | Found Fatira Lioh's Antique Armour Shoppe.
 38417 | Elf:1    | Entered Level 1 of the Elven Halls
 38441 | Elf:1    | Paralysed by an air elemental for 1 turns
 38445 | Elf:1    | Found Uwaxaeto's Distillery.
 38483 | Elf:1    | Found Tiymew's Distillery.
 38515 | Elf:1    | Noticed Asterion
 38532 | Elf:1    | Killed Asterion
 38676 | Elf:1    | Identified the +1 robe "Heapemnu" {Will+}
 38700 | Elf:1    | Received a gift from Trog
 38733 | Elf:1    | Found Qaseuz's Distillery.
 38763 | Elf:1    | Found Erobyir's Magic Scroll Emporium.
 38771 | Elf:1    | Bought a scroll of acquirement for 832 gold pieces
 38777 | Elf:1    | Acquired 956 gold pieces
 39090 | Vaults:4 | Bought a shimmering plate armour for 1036 gold pieces
 39090 | Vaults:4 | Identified the +0 plate armour "Xoisoat" {Harm Rampage
                  | Str+7 Dex-5} (You bought it in a shop on level 4 of the
                  | Vaults)
 39580 | Elf:1    | Found Nateh's Armour Shoppe.
 39813 | Elf:2    | Found a runed translucent gate.
 39814 | Elf:2    | Found a runed translucent gate.
 39814 | Elf:2    | Found a runed translucent gate.
 39837 | Elf:2    | Found a runed translucent gate.
 39837 | Elf:2    | Found a runed translucent gate.
 39837 | Elf:2    | Found a runed translucent gate.
 39837 | Elf:2    | Noticed Xihoome's ghost (veteran MiGl)
 39855 | Elf:2    | Identified the +10 war axe of Carved True Grit {vorpal,
                  | Str+2}
 39881 | Elf:2    | Noticed Nikola
 40043 | Elf:2    | Killed Nikola
 40423 | Elf:2    | Reached skill level 10 in Evocations
 40482 | Elf:2    | Identified the +8 rapier of Extremism {spect, +Blink rPois
                  | rF- Dex+5}
 40484 | Elf:2    | Killed Xihoome's ghost
 40677 | Elf:2    | Paralysed by an air elemental for 1 turns
 40763 | Elf:3    | Entered Level 3 of the Elven Halls
 41095 | Elf:3    | Noticed Aizul
 41106 | Elf:3    | Killed Aizul
 41287 | Elf:3    | Received a gift from Trog
 41694 | Elf:3    | Reached XP level 22. HP: 136/222 MP: 12/21
 41784 | Elf:3    | Identified the +9 war axe "Imyq" {vorpal, SInv}
 41784 | Elf:3    | Identified the ring "Kosaschak" {MP+9 AC+4}
 41838 | Elf:3    | Identified the +10 great mace of Fundamental Breach
                  | {vorpal, Will+ rCorr} (Trog gifted it to you on level 3 of
                  | the Elven Halls)
 41838 | Elf:3    | Received a gift from Trog
 41981 | Elf:3    | Identified the -6 pair of gloves of Hepliaklqana's Delight
                  | {*Corrode rN+ Dex+2}
 42054 | Elf:3    | Identified the amulet of Light {Reflect rF+ rCorr Str-3
                  | Dex+2 SH+5}
 42071 | Elf:3    | Identified the ring of Tunwola {Fly Str+4 Dex+6}
 42082 | Elf:3    | Identified the +1 robe "Ceetula" {rF+ rCorr Str+3}
 42677 | Vaults:5 | Entered Level 5 of the Vaults
 43128 | Vaults:5 | Identified the +9 mace "Glorpo" {vorpal, SInv} (Trog gifted
                  | it to you on level 5 of the Vaults)
 43128 | Vaults:5 | Received a gift from Trog
 43159 | Vaults:5 | Reached skill level 15 in Throwing
 43403 | Vaults:5 | Found the +3 giant club "Skullcrusher" {speed, Str+7}
 43556 | Vaults:5 | Identified the ring "Erupeps" {rF- rCorr MP-9 Int+5}
 43728 | Vaults:5 | Identified the amulet of Noast {Acrobat rF+ rCorr Dex+8}
 43749 | Vaults:5 | Received a gift from Trog
 44108 | Vaults:5 | Reached skill level 15 in Evocations
 44132 | Vaults:5 | Reached skill level 20 in Maces & Flails
 44354 | Vaults:5 | Reached XP level 23. HP: 229/229 MP: 13/22
 44636 | Vaults:5 | Noticed Frederick
 44649 | Vaults:5 | Killed Frederick
 44727 | Vaults:5 | Identified the +1 battleaxe "Demonbane" {drain, rPois
                  | Int+4}
 44855 | Vaults:5 | Identified the +11 dagger of the Endless Expanse {elec, rN+
                  | rCorr Int+3}
 44855 | Vaults:5 | Identified the ring "Isulau" {Fly rPois rN+ rCorr Int-3}
 44890 | Vaults:5 | Got a silver rune of Zot
 45189 | Vaults:5 | Found Xecudghin's General Store.
 45625 | D:14     | Found a transporter.
 45887 | D:14     | Found a transporter.
 45889 | D:14     | Noticed Cown's ghost (journeyman TrHu)
 46491 | D:14     | Killed Cown's ghost
 46564 | D:15     | Entered Level 15 of the Dungeon
 46564 | D:15     | Found a shimmering altar of Xom.
 46673 | D:15     | Found a stormy altar of Qazlal.
 46683 | D:15     | Reached skill level 21 in Maces & Flails
 46684 | D:15     | Identified the +7 flail of Obsession {antimagic, Fly rElec
                  | rC+ Stlth+} (Trog gifted it to you on level 15 of the
                  | Dungeon)
 46684 | D:15     | Received a gift from Trog
 46811 | D:15     | Found Duonoaz's General Store.
 46911 | D:15     | Found a staircase to the Depths.
 47676 | Depths:1 | Entered Level 1 of the Depths
 47775 | Depths:1 | Found a gateway to Hell.
 47888 | Depths:1 | Found a one-way gate leading to the halls of Pandemonium.
 47954 | Depths:1 | Identified the +9 hand axe "Wiur Keck" {vorpal, *Corrode
                  | Dex+6} (Trog gifted it to you on level 1 of the Depths)
 47954 | Depths:1 | Received a gift from Trog
 48476 | Depths:2 | Found a white marble altar of Elyvilon.
 48521 | Depths:2 | Found a one-way gate to the infinite horrors of the Abyss.
 49053 | Depths:2 | Found a gateway to a ziggurat.
 49094 | Depths:2 | Reached XP level 24. HP: 232/243 MP: 13/22
 49719 | Depths:3 | Reached skill level 22 in Maces & Flails
 50015 | Depths:3 | Identified the +8 plate armour "Ocveic" {Harm rPois rC-
                  | SInv}
 50030 | Depths:3 | Noticed Mara
 50053 | Depths:3 | Noticed sasquatch's illusion
 50104 | Depths:3 | Received a gift from Trog
 50120 | Depths:3 | Killed Mara
 50203 | Depths:3 | Found an ancient bone altar of Kikubaaqudgha.
 51046 | Depths:4 | Found Iroomaikiq's Book Shop.
 51084 | Depths:4 | Found a flickering gateway to a bazaar.
 51098 | Bazaar   | Entered a bazaar
 51161 | Bazaar   | Found Nigul's Assorted Antiques.
 51202 | Bazaar   | Found Giziklug's Antique Armour Boutique.
 51215 | Bazaar   | Found Eklabrer's Book Emporium.
 51402 | Depths:4 | Received a gift from Trog
 51573 | Depths:4 | Reached skill level 23 in Maces & Flails
 51623 | Depths:4 | Found Giygelasyd's Weapon Shoppe.
 51913 | Depths:4 | Noticed Louise
 51922 | Depths:4 | Killed Louise
 52280 | Depths:4 | Found Povegath's Armour Shop.
 52300 | Depths:4 | Found a sparkling altar of Nemelex Xobeh.
 52561 | Depths:4 | Found Sastoaff's General Store.
 52585 | Depths:5 | Entered Level 5 of the Depths
 52919 | Depths:5 | Reached XP level 25. HP: 254/254 MP: 13/22
 52922 | Depths:5 | Received a gift from Trog
 53099 | Depths:5 | Reached skill level 24 in Maces & Flails
 53308 | Depths:5 | Identified the +8 mace of Cheibriados {vorpal, rElec rC+
                  | MP-9 Dex+2}
 53443 | Depths:5 | Found a gate to the Realm of Zot.
 53574 | Zig:1    | Entered Level 1 of a ziggurat
 53637 | Zig:2    | Entered Level 2 of a ziggurat
 53637 | Zig:2    | Noticed a Killer Klown
 53644 | Zig:2    | Killed a Killer Klown
 53666 | Zig:3    | Entered Level 3 of a ziggurat
 53690 | Zig:4    | Entered Level 4 of a ziggurat
 53690 | Zig:4    | Found the +2 robe of Vines {NoPotionHeal Regen+++}
 53822 | Zig:5    | Entered Level 5 of a ziggurat
 53851 | Zig:5    | Identified the +7 dagger of Uskayaw's Hope {holy, +Blink
                  | Stlth+}
 53863 | Zig:6    | Entered Level 6 of a ziggurat
 53905 | Zig:6    | Identified the +4 glaive of Pitilexa {freeze, Dex+3}
 53917 | Zig:7    | Entered Level 7 of a ziggurat
 53953 | Zig:7    | Reached skill level 25 in Maces & Flails
 54118 | Zig:8    | Entered Level 8 of a ziggurat
 54432 | Depths:2 | Voluntarily entered the Abyss.
 54674 | Abyss:2  | Lost intelligence.
 54684 | Abyss:2  | Gained mutation: You are clumsy. (Dex -2) [a neqoxec]
 54748 | Abyss:2  | Received a gift from Trog
 54895 | Abyss:2  | Paralysed by accursed screaming for 1 turns
 54905 | Abyss:2  | Paralysed by accursed screaming for 1 turns
 55095 | Abyss:2  | Paralysed by accursed screaming for 2 turns
 55099 | Abyss:2  | Paralysed by accursed screaming for 2 turns
 55410 | Abyss:2  | Paralysed by accursed screaming for 1 turns
 55422 | Abyss:2  | Found a corrupted altar of Lugonu.
 55522 | Abyss:2  | Paralysed by accursed screaming for 1 turns
 55526 | Abyss:2  | Paralysed by accursed screaming for 1 turns
 55933 | Abyss:4  | HP: 2/253 [ettin (28)]
 55933 | Abyss:4  | Killed from afar by a smoke demon

Illustrated notes

Levels and vault maps discovered:
D:1:      dpeg_arrival_arbitrary_c, layout_rooms, serial_shops,
          nicolae_shop_stone, dreamdust_ecumenical_altar_grove,
          chequers_decorated_corner
D:2:      layout_basic, serial_forest, infiniplex_forest_pool,
          infiniplex_forest_clump_cross, infiniplex_forest_clump_small,
          infiniplex_forest_straight_3, infiniplex_forest_corner_2,
          infiniplex_forest_lined_corner, infiniplex_forest_corner_2
D:3:      layout_loops_corners, uniq_sigmund
D:4:      layout_basic, due_unseen_surprise
D:5:      layout_basic, lemuel_crystal_altar, serial_shops,
          kennysheep_little_box, shop
D:6:      corexii_shack_village, layout_basic, pdpol_wu_jian_five_deadly_venoms,
          serial_shops, nicolae_lakefront_shop,
          hangedman_abyss_or_decor_lesser_grid
D:7:      layout_basic, chequers_temple_overflow_statue_of_worship,
          minmay_temple_entry_drinking_statues, biasface_ghost_orc_armoury,
          kennysheep_flooded_box, wad_floor_pattern_1, uniq_pikel, uniq_duvessa,
          uniq_crazy_yiuf_cottage
D:8:      layout_loops_ring, riverfiend_overflow_shadow_ancestor, trog_book,
          dpeg_oklobed_lair, st_stairs_9, uniq_grum, uniq_harold
D:9:      layout_basic, zin_statuary, uniq_gastronok
D:10:     layout_loops_cross, hellmonk_guarded_unrand_gyre_and_gimble
D:11:     layout_grid_maze, hiddenorc2_lemuel, ebering_ghost_reflecting_pool,
          minmay_mirror_moons_of_madness
D:12:     layout_cave_pods, portal_ice_cave_entry_imps, uniq_josephine
D:13:     layout_gridville, skrybe_vaults_entry_preservation, enter_bailey_5,
          yredelemnul_altar_generic
D:14:     layout_cave_pods, gammafunk_ghost_mausoleum, roderic_serpentine_path
D:15:     grunt_enter_depths_magical_seal, layout_basic, serial_shops,
          nicolae_inconvenience_store, nicolae_qazlal_scattered_showers,
          xom_teletrap_fun
Lair:1:   layout_gridlike, gauntlet_entry_generic, enter_volcano_4,
          serial_bayou_shore_a, grunt_megastairs_1, infiniplex_staircase_pool,
          uniq_nergalle
Lair:2:   layout_roguey, beast_lair_carwin_4, uniq_erica, uniq_sonja
Lair:3:   layout_small_grid, guppyfry_snake_entry_garden, gammafunk_ghost_arena,
          chequers_serial_rivers_micro_d
Lair:4:   layout_small_grid, elwin_shoals_entry_rooms
Lair:5:   layout_layer_cave, dpeg_slime_entry_corner, ice2_lemuel,
          grunt_megastairs_4, serial_bayou_shore_b
Lair:6:   minmay_lair_end_frog_pond, layout_gridlike
Shoals:1: layout_shoals, ebering_ghost_xom
Shoals:2: layout_shoals, nicolae_shoals_beach_cooler
Shoals:3: layout_shoals, nicolae_shop_overcharged_wands
Shoals:4: shoals_end_grunt_ice, layout_shoals, nicolae_shoals_square_sea_wall,
          uniq_polyphemus, uniq_kirke
Snake:1:  layout_chambers, serial_shops, shop, minmay_shop_grove
Snake:2:  layout_chambers, grunt_megastairs_2, serial_bayou_shore_b
Snake:3:  layout_grid_maze, serial_shops, shop, shop, nicolae_shop_trees,
          shop_scrolls, minmay_shop_star
Snake:4:  grunt_snake_rune_pools, layout_rooms, serial_bayou_lagoon_a,
          lemuel_fruit_tree
Orc:1:    layout_caves, serial_shops, nicolae_shop_crystal,
          nicolae_shop_statue_plus, shop, uniq_urug
Orc:2:    st_orc_ogre_mass, layout_diamond_mine, okawaru_metal_pillars_3
Elf:1:    layout_loops_ring, serial_shops, nicolae_take_the_stairs, shop,
          shop_coins, nicolae_shop_statue_plus, nicolae_shop_stone,
          serial_glass, glass_columns_a, glass_columns_a,
          minmay_elf_crystal_heptagon, uniq_asterion
Elf:2:    elven_hall_of_blades_hangedman_original [nicolae_blade_tridents],
          layout_geoelf_octagon, gammafunk_ghost_split, uniq_nikola
Elf:3:    minmay_elf_hall_x, layout_onion_city, uniq_aizul
Vaults:1: v_alt_pattern_1, nicolae_vaults_branching_niches, v_rooms_5,
          ontoclasm_vaults_loading_screen, nicolae_vaults_three_branches,
          v_misc_2, grunt_vaults_focal, layout_vaults_omnigrid, serial_shops,
          nicolae_shop_waterfront
Vaults:2: hangedman_vaults_locks, v_misc_14, nicolae_vaults_little_squares_5,
          vaults_room_octagon, hangedman_vaults_pinch, v_alt_pattern_2,
          v_rooms_1, vaults_mumra_hexcomb, ontoclasm_vaults_ring_square,
          nicolae_vaults_network_quinsquares
          [nicolae_vaults_network_quincunx_subvault,
          nicolae_vaults_network_quincunx_subvault,
          nicolae_vaults_network_quincunx_subvault,
          nicolae_vaults_network_quincunx_subvault], grunt_vaults_bifocal,
          ontoclasm_vaults_decontamination, ontoclasm_vaults_loading_screen,
          special_room_vaults [special_room_orc], vaults_room_hallway,
          grunt_vaults_hallway_short, layout_vaults_maze_bifur, serial_shops,
          bzr_entry_lakeside, nicolae_shop_crystal, nicolae_shop_statue_plus,
          nicolae_shop_trees
Vaults:3: hangedman_vaults_maws, vaults_room_boxed, ontoclasm_vaults_idyll,
          minmay_crypt_entry_nasty_monster, grunt_vaults_trifunnel,
          nicolae_vaults_c_with_doors, ontoclasm_vaults_ring_small,
          hangedman_vaults_stagger, nicolae_vaults_asterisk,
          vaults_room_door_hall, nicolae_vaults_what_the_h, serial_ice_h,
          grunt_vaults_hallway_short, layout_vaults_ring, serial_shops, shop
Vaults:4: vaults_room_glass_cross, nicolae_vaults_asterisk, v_misc_23,
          hangedman_vaults_hat, nicolae_vaults_windows_and_doors_thing,
          ontoclasm_vaults_eye, nicolae_vaults_asterisk,
          grunt_vaults_hallway_long, v_misc_27, ontoclasm_vaults_shuriken,
          nicolae_vaults_mini_display_case, v_misc_19,
          nicolae_vaults_border_crossing, layout_vaults_omnicross, serial_shops,
          nicolae_shop_crystal
Vaults:5: uniq_frederick
Depths:1: layout_big_octagon, hell_entry, pan_entry,
          hangedman_abyss_or_decor_stagger, kilobyte_rumbling_trees,
          firewood_loft
Depths:2: cheibrodos_birdhouse, layout_gridlike, enter_ziggurat_b,
          serial_corexii_hall, corexii_hall_statues_l,
          chequers_hall_statues_wall_a, chequers_hall_statues_corner_a,
          corexii_hall_statues_i, elyvilon_altar_4, grunt_hell_entry_dis_mu,
          hangedman_abyss_entry_splay
Depths:3: evilmike_negative_zone, layout_honeycomb, rand_demon_pan_entry_1,
          pf_coc_iceberg, hangedman_decor_cross_pass, uniq_mara
Depths:4: minmay_big_diamond_grid, layout_basic, serial_shops, bzr_entry_water,
          nicolae_stop_n_shop_2, shop, nicolae_shop_trees, shop,
          nemelex_diamond_rough_becter, nicolae_abyss_entry_one_way_or_another,
          hell_entry, minmay_staircase_statues
Depths:5: grunt_zot_entry_alcove, layout_gridlike, kennysheep_crisscross,
          pf_hell_entry_tar_river, abyss_entry
Abyss:4:  base: Tomb:2, base: Tomb:3, due_evilmike_abyss_rune_seething_liches,
          evilmike_abyss_exit_glass, grunt_abyss_rune_forest_and_sorcery,
          evilmike_abyss_exit_glass, evilmike_abyss_rune_ettins

Skill      XL: |  1  2  3  4  5  6  7  8  9 10 11 12 13 14 15 16 17 18 19 20 21 22 23 24 25 |
---------------+----------------------------------------------------------------------------+-----
Maces & Flails | 4 5 7 8 9 11 13 15 16 19 20 21 23 25 | 25.0
Stealth        | 1 2 3 7 8 |  8.9
Throwing       | 1 5 7 10 13 15 | 15.0
Fighting       | 6 9 13 15 16 17 18 19 20 21 | 21.6
Armour         | 7 12 15 16 17 18 19 20 22 | 22.2
Axes           | 2 |  2.4
Shields        | 10 14 17 19 20 | 20.0
Dodging        | 8 11 15 18 19 20 | 20.0
Evocations     | 6 11 15 | 15.0

Action                   |  1- 3 |  4- 6 |  7- 9 | 10-12 | 13-15 | 16-18 | 19-21 | 22-24 | 25-27 || total
-------------------------+-------+-------+-------+-------+-------+-------+-------+-------+-------++-------
Melee: Mace              |    64 |    84 |   105 |       |       |       |       |       |       ||   253
       Headbutt          |     9 |    14 |    61 |   148 |   254 |   366 |   376 |   587 |   174 ||  1989
       Flail             |       |       |   159 |   320 |       |       |       |       |       ||   479
       Dire flail        |       |       |       |   237 |   307 |       |       |       |       ||   544
       Great mace        |       |       |       |       |   476 |       |       |       |       ||   476
       Eveningstar       |       |       |       |       |   136 |  1161 |  1228 |  1558 |   574 ||  4657
Throw: Dart              |       |       |     6 |     9 |     1 |       |       |       |       ||    16
       Throwing net      |       |       |       |       |     1 |       |       |       |       ||     1
       Boomerang         |       |       |       |       |       |       |     1 |       |     7 ||     8
Invok: Berserk           |     1 |       |     5 |    19 |     7 |     9 |     4 |     6 |     1 ||    52
       Trog's Hand       |       |       |     1 |     5 |     3 |     6 |     3 |    24 |    19 ||    61
       Brothers in Arms  |       |       |       |       |     1 |       |     3 |     7 |     1 ||    12
Evoke: Phial of floods   |       |       |       |       |       |       |     1 |       |       ||     1
  Use: Scroll            |       |       |     4 |     9 |    20 |     5 |    10 |     6 |       ||    54
       Potion            |       |       |       |     8 |     5 |     3 |     1 |       |     3 ||    20
 Stab: Sleeping          |       |     3 |     1 |     2 |       |     6 |    19 |     2 |       ||    33
       Distracted        |       |       |       |       |       |       |     1 |     6 |     2 ||     9
Armor: Animal skin       |     8 |     9 |     4 |       |       |       |       |       |       ||    21
       Scale mail        |       |       |    69 |   157 |       |       |       |       |       ||   226
       Ring mail         |       |       |     7 |       |       |       |       |       |       ||     7
       Chain mail        |       |       |       |   100 |   628 |   425 |   432 |   540 |   352 ||  2477
Dodge: Dodged            |    45 |    44 |   128 |   220 |   398 |   373 |   552 |   687 |   539 ||  2986
Block: Kite shield       |       |       |       |       |     6 |   911 |       |       |       ||   917
       Tower shield      |       |       |       |       |       |    64 |  1481 |  1714 |   951 ||  4210
